 Dungeon Crawl Stone Soup version 0.18.1-6-gd335043 (webtiles) character file.

9 jacquesderrida the Charmwright (level 2, 17/22 HPs)
             Began as a Demonspawn Skald on May 15, 2016.
             Quit the game on level 1 of the Dungeon.
             The game lasted 00:00:33 (488 turns).

jacquesderrida the Charmwright (Demonspawn Skald)    Turns: 488, Time: 00:00:34

Health: 17/22      AC:  5    Str: 12    XL:     2   Next: 3%
Magic:  5/5        EV: 11    Int: 13    God:
Gold:   49         SH:  0    Dex: 12    Spells: 1 memorised, 4 levels left

rFire  . . .     SeeInvis .     a - +0 spear
rCold  . . .     Gourm    .     b - +0 leather armour
rNeg   . . .     Faith    .     (no shield)
rPois  .         Spirit   .     (no helmet)
rElec  .         Dismiss  .     (no cloak)
rCorr  .         Reflect  .     (no gloves)
SustAt .         Harm     .     (no boots)
MR     .....                    (no amulet)
Stlth  +.........               (no ring)
                                (no ring)

@: not resistant to hostile enchantments, very unstealthy
A: slimy green scales 1
a: no special abilities


You were on level 1 of the Dungeon.
You were not hungry.

You visited 1 branch of the dungeon, and saw 1 of its levels.

You collected 49 gold pieces.

Inventory:

Hand Weapons
 a - a +0 spear (weapon)
Armour
 b - a +0 leather armour (worn)
Scrolls
 e - a scroll of enchant armour {unknown}
 g - a scroll of remove curse {unknown}
 h - a scroll of magic mapping {unknown}
 i - 3 scrolls of identify {unknown}
Potions
 f - 2 potions of brilliance {unknown}
Books
 c - a book of Battle

   Spells                             Type                      Level
   a - Infusion                       Charms                       1
   b - Shroud of Golubria             Charms/Translocation         2
   c - Song of Slaying                Charms                       2
   d - Spectral Weapon                Hexes/Charms                 3
   e - Regeneration                   Charms/Necromancy            3
Comestibles
 d - a bread ration


   Skills:
 - Level 2.0 Fighting
 + Level 2.5 Polearms
 - Level 0.8 Armour
 - Level 0.8 Dodging
 - Level 2.0 Spellcasting
 - Level 2.6 Charms


You had 4 spell levels left.
You knew the following spells:

 Your Spells              Type           Power        Failure   Level  Hunger
a - Infusion              Chrm           #...         12%         1    ##.....


Dungeon Overview and Level Annotations

Branches:
Dungeon (1/15)

Altars:


Innate Abilities, Weirdness & Mutations

You are partially covered in slimy green scales (AC +2).


Message History

No target in view!
A hobgoblin comes into view.
You closely miss the hobgoblin.
A hobgoblin is nearby!
You hit the hobgoblin but do no damage. The hobgoblin hits you.
A hobgoblin is nearby!
You closely miss the hobgoblin. The hobgoblin closely misses you.
A hobgoblin is nearby!
You barely miss the hobgoblin. The hobgoblin barely misses you.
A hobgoblin is nearby!
You hit the hobgoblin.
The hobgoblin is moderately wounded.
The hobgoblin hits you but does no damage.
You hit the hobgoblin.
You kill the hobgoblin!
You have reached level 2!
Your demonic ancestry asserts itself...
Slimy green scales grow over part of your body.
Enter note: for the sake of fuck Are you sure you want to abandon this character and quit the game? (Confirm with "yes".)

##.#......
#....###
#....[.#
#....#.#
####.#.###.#..
# #..........
.# ###.#####.
.#
#.######.#####
#.....@.......
##############


There were no monsters in sight!

Vanquished Creatures
  2 goblins (D:1)
  A hobgoblin (D:1)
  2 bats (D:1)
  A giant newt (D:1)
  2 kobolds (D:1)
  2 rats (D:1)
10 creatures vanquished.

Notes
Turn   | Place    | Note
--------------------------------------------------------------
     0 | D:1      | jacquesderrida the Demonspawn Skald began the quest for the Orb.
     0 | D:1      | Reached XP level 1. HP: 16/16 MP: 3/3
     2 | D:1      | Noticed an elf
     4 | D:1      | Noticed an ogre
     4 | D:1      | Noticed a demonspawn
     7 | D:1      | Noticed a minotaur
     7 | D:1      | Noticed a draconian
     9 | D:1      | Noticed a ghoul
    11 | D:1      | Noticed a formicid
    15 | D:1      | Noticed a gargoyle
    15 | D:1      | Noticed a halfling
    17 | D:1      | Noticed a troll
    17 | D:1      | Noticed a demigod
    19 | D:1      | Noticed a naga
    23 | D:1      | Noticed a human
    23 | D:1      | Noticed a felid
    25 | D:1      | Noticed a merfolk
    25 | D:1      | Noticed an octopode
    27 | D:1      | Noticed a tengu
    27 | D:1      | Noticed a spriggan
    29 | D:1      | Noticed a vine stalker
    29 | D:1      | Noticed a vampire
    31 | D:1      | Noticed a centaur
    31 | D:1      | Noticed a dwarf
   487 | D:1      | Gained mutation: You are partially covered in slimy green scales (AC +2). [demonic ancestry]
   487 | D:1      | Reached XP level 2. HP: 16/22 MP: 5/5
   488 | D:1      | for the sake of fuck
   488 | D:1      | Quit the game

Skill      XL: |  1 |
---------------+----+-----
Polearms       | 2 |  2.5
Fighting       | |  2.0
Armour         | |  0.8
Dodging        | |  0.8
Spellcasting   | |  2.0
Charms         | |  2.6

Action                   || total
-------------------------++-------
Melee: Spear             ||    35
Armor: Leather armour    ||     6
Dodge: Dodged            ||    17
